 Dungeon Crawl Stone Soup version 0.23-a0-622-g59b4ea9c50 (webtiles) character file.

493 Morenatsu the Slasher (level 6, -1/51 HPs)
             Began as a Draconian Fighter on Dec 24, 2018.
             Splashed by a jelly's acid (10 damage)
             ... on level 5 of the Dungeon.
             The game lasted 00:06:30 (4564 turns).

Morenatsu the Slasher (Draconian Fighter)           Turns: 4564, Time: 00:06:30

Health: -1/51      AC: -2    Str: 21    XL:     6   Next: 92%
Magic:  6/6        EV: 10    Int:  8    God:
Gold:   224        SH: 10    Dex: 10    Spells: 5/5 levels left

rFire    . . .     SeeInvis +   a - +0 long sword
rCold    . . .     Gourm    .   b - +1 shield
rNeg     + . .     Faith    .   (armour unavailable)
rPois    .         Spirit   .   (helmet restricted)
rElec    .         Reflect  .   (no cloak)
rCorr    .         Harm     .   (no gloves)
MR       .....                  (no boots)
Stlth    +.........             (no amulet)
HPRegen  0.17/turn              k - ring of positive energy
MPRegen  0.10/turn              l - ring of see invisible

@: lethally poisoned (-1 -> -3), corroded
A: unfitting armour, cold-blooded, AC +6
a: no special abilities


You were on level 5 of the Dungeon.
You were near starving.

You visited 1 branch of the dungeon, and saw 5 of its levels.

You collected 224 gold pieces.

Inventory:

Hand Weapons
 a - a +0 long sword (weapon)
Armour
 b - a +1 shield (worn)
Jewellery
 k - a ring of positive energy (left hand)
 l - a ring of see invisible (right hand)
Scrolls
 e - a scroll of blinking
 j - a scroll of remove curse
 n - a scroll of fog
Potions
 c - a potion of might
 f - a potion of flight {unknown}
 g - a potion of haste
 i - a potion of lignification {unknown}
 m - a potion of curing {unknown}
Comestibles
 d - 10 rations


   Skills:
 - Level 3.2 Fighting
 + Level 7.5 Long Blades
 - Level 2.6 Dodging
 - Level 3.0 Shields


You had 5 spell levels left.
You didn't know any spells.
Your spell library was empty.

Dungeon Overview and Level Annotations

Branches:
Dungeon (5/15)
 Temple: D:4-7

Altars:
Gozag
Makhleb
Qazlal
Ru
Sif Muna
Uskayaw
Yredelemnul


Innate Abilities, Weirdness & Mutations

Your plain brown scales are hard. (AC +6)
You cannot fit into any form of body armour.
You are cold-blooded and may be slowed by cold attacks.


Message History

You are near starving!
A water moccasin comes into view.
The jackal bites you. The jelly hits you.
You are splashed with acid!
The acid burns!
* * * LOW HITPOINT WARNING * * *
You completely miss the jackal.
Your tail-slap misses the jackal.
The jackal is heavily wounded.
You feel sick. The jackal bites you.
* * * LOW HITPOINT WARNING * * *
A shadow imp comes into view.
The jackal closely misses you.
You riposte.
You hit the jackal.
You kill the jackal!
The jelly barely misses you.
You riposte.
You hit the jelly but do no damage.
The jelly is almost dead.
You block the jelly's attack.
You feel sick. The jelly hits you.
* * * LOW HITPOINT WARNING * * *
You are splashed with acid!
The acid burns!
You die...

#.....### # ##.##.##..#
#.......#.#.###.#####..####
...$..5#.#.#..............
..._......+..............
......S# #...)..........
......# #..............
#.###.....# ##..###..######
#.........####+####..#####
#####†#####@+.............#
#.h.ShJ.#.........(...#
####...#..#..######+###
########..### #.....#
#.....# #.....# #.....#
##....#


You could see a water moccasin, a howler monkey, a hound and a jelly.

Vanquished Creatures
  An ogre (D:4)
  A scorpion (D:4)
  A bullfrog zombie (D:5)
  A hound (D:5)
  Natasha (thrice) (D:2)
  An orc wizard (D:4)
  A gnoll (D:1)
  5 adders
  An ooze (D:2)
  An adder skeleton (D:4)
  4 worms
  6 dart slugs
  A leopard gecko (D:4)
  5 orcs
  6 bats
  8 giant cockroaches
  12 goblins
  14 hobgoblins
  15 jackals
  2 quokkas
  3 ball pythons (D:2)
  3 frilled lizards
  8 kobolds
  3 rats
106 creatures vanquished.

Notes
Turn   | Place    | Note
-------+----------+-------------------------------------------
     0 | D:1      | Morenatsu the Draconian Fighter began the quest for the
                  | Orb.
     0 | D:1      | Reached XP level 1. HP: 19/19 MP: 1/1
    84 | D:1      | Reached XP level 2. HP: 14/26 MP: 2/2
   408 | D:1      | Noticed a big kobold
   408 | D:1      | Noticed a big kobold
   408 | D:1      | Noticed a big kobold
   408 | D:1      | Noticed a troll
   408 | D:1      | Noticed a big kobold
   411 | D:1      | Reached skill level 3 in Long Blades
   471 | D:1      | Reached XP level 3. HP: 6/31 MP: 3/3
  1486 | D:1      | Reached skill level 4 in Long Blades
  1912 | D:2      | Reached XP level 4. HP: 38/38 MP: 4/4
  2197 | D:2      | Noticed Natasha
  2202 | D:2      | Killed Natasha
  2202 | D:2      | Reached skill level 5 in Long Blades
  2212 | D:2      | Noticed Natasha
  2223 | D:2      | Killed Natasha
  2223 | D:2      | Reached XP level 5. HP: 21/45 MP: 5/5
  2743 | D:2      | Noticed Natasha
  2750 | D:2      | Killed Natasha
  3010 | D:3      | Reached skill level 6 in Long Blades
  3013 | D:3      | Found an opulent altar of Gozag.
  3108 | D:3      | Found a burning altar of Makhleb.
  3184 | D:3      | Found a sacrificial altar of Ru.
  3323 | D:3      | Found a deep blue altar of Sif Muna.
  3680 | D:4      | Reached XP level 6. HP: 47/51 MP: 6/6
  3827 | D:4      | Reached skill level 7 in Long Blades
  3980 | D:4      | Found a hide-covered altar of Uskayaw.
  4168 | D:4      | Found a stormy altar of Qazlal.
  4444 | D:5      | Entered Level 5 of the Dungeon
  4444 | D:5      | Noticed a sky beast
  4522 | D:5      | Found a basalt altar of Yredelemnul.
  4556 | D:5      | Noticed a water moccasin
  4564 | D:5      | Splashed by a jelly's acid

Vault maps used:
D:1:      erik_arrival_cave_to_civilisation
D:2:      wander_river, kennysheep_generic_room_13, uniq_natasha
D:3:      nicolae_overflow_hidden_temple, grunt_gozag_breadcrumbs, led_sif_book,
          nicolae_ru_sacrificial_ziggurat, first_ration
D:4:      marbit_many_paths, kennysheep_mini_moat
D:5:      nicolae_overflow_crystal_walls

Skill      XL: |  1  2  3  4  5  6 |
---------------+-------------------+-----
Long Blades    | 3 4 5 6 7 |  7.5
Fighting       | |  3.2
Dodging        | |  2.6
Shields        | |  3.0

Action                   |  1- 3 |  4- 6 || total
-------------------------+-------+-------++-------
Melee: Long sword        |   122 |   248 ||   370
       Tailslap          |    13 |    29 ||    42
  Use: Scroll            |       |     6 ||     6
       Potion            |       |     3 ||     3
 Stab: Sleeping          |       |     1 ||     1
  Eat: Chunk             |     3 |     8 ||    11
Armor: Skin              |    37 |    65 ||   102
Dodge: Dodged            |    49 |   107 ||   156
Block: Shield            |    71 |   152 ||   223
       Rpst.: Long sword |    20 |    37 ||    57

Table legend:
 A = Non-vault XP
 B = Vault XP
 C = Vault XP percentage of total XP
 D = Non-vault monster count
 E = Vault monster count
 F = Vault count percentage of total count
                 A         B        C        D         E       F
            +---------+---------+-------+---------+---------+-------
      Total |     651 |      54 |   7.7 |     101 |       5 |   4.7
            +---------+---------+-------+---------+---------+-------
        D:1 |      69 |       4 |   5.5 |      30 |       2 |   6.2
        D:2 |     175 |      37 |  17.5 |      38 |       2 |   5.0
        D:3 |      42 |       0 |   0.0 |      17 |       0 |   0.0
        D:4 |     256 |      13 |   4.8 |      10 |       1 |   9.1
        D:5 |     109 |       0 |   0.0 |       6 |       0 |   0.0
            +---------+---------+-------+---------+---------+-------
